 Dungeon Crawl Stone Soup version 0.13-a0-1502-g99810c3 (webtiles) character file.

242 Kae the Shooter (level 4, 0/36 HPs)
             Began as a Centaur Hunter on June 8, 2013.
             Succumbed to a kobold's poison
             ... in a sewer.
             The game lasted 00:04:25 (2158 turns).

Kae the Shooter (Centaur Hunter)                    Turns: 2158, Time: 00:04:25

HP   0/36        AC  4     Str 14      XL: 4   Next: 69%
MP   2/2         EV  9     Int 10      God:
Gold 126         SH  0     Dex 11      Spells:  0 memorised,  3 levels left

Res.Fire  : . . .   See Invis. : .   b - +1 bow
Res.Cold  : . . .   Warding    : .   d - +0 leather armour
Life Prot.: . . .   Conserve   : .   (no shield)
Res.Poison: .       Res.Corr.  : .   (no helmet)
Res.Elec. : .       Clarity    : .   (no cloak)
Sust.Abil.: . .     Spirit.Shd : .   (no gloves)
Res.Mut.  : .       Stasis     : .   (no barding)
Res.Rott. : .       Flight     : .   (no amulet)
Saprovore : . . .                    (no ring)
                                     (no ring)

@: quite poisoned, very quick, slightly resistant to hostile enchantments, very
unstealthy
A: hooves 3, deformed body, herbivore 1, speed 2, fast metabolism 1, tough skin
3
a: no special abilities


You were in a sewer.
You were hungry.

You visited 1 branch of the dungeon, and saw 3 of its levels.
You also visited: Sewer.

You collected 106 gold pieces.

Inventory:

Hand weapons
 a - a +1,+2 orcish hand axe of chopping
 b - a +1,+1 bow (weapon)
 l - a +0,+0 short sword
Missiles
 c - 46 arrows (quivered)
Armour
 d - a +0 leather armour (worn)
Comestibles
 f - 4 bread rations
 g - a choko
 h - 2 meat rations
 o - an apricot
 t - a rotting chunk of grey rat flesh
 u - 2 rotting chunks of rat flesh
Scrolls
 i - 2 scrolls of curse weapon {unknown}
 k - a scroll of curse armour {unknown}
 m - a scroll of amnesia {unknown}
 n - a scroll of random uselessness {unknown}
 s - a scroll of fear {unknown}
 v - a scroll of identify {unknown}
 w - a scroll of fog {unknown}
Jewellery
 j - an uncursed amulet of conservation {unknown}
 q - a +3 ring of evasion {unknown}
 r - an uncursed ring of teleport control {unknown}
Potions
 p - a potion of restore abilities {unknown}


   Skills:
 - Level 1.0 Fighting
 + Level 1.7 Axes
 * Level 7.2 Bows
 - Level 0.3 Armour
 - Level 1.6 Dodging
 - Level 0.5 Stealth


You had 3 spell levels left.
You didn't know any spells.

Dungeon Overview and Level Annotations

Branches:
Dungeon (3/27)

Altars:
Cheibriados


Innate Abilities, Weirdness & Mutations

You have hooves in place of feet.
Armour fits poorly on your strangely shaped body.
You digest meat inefficiently.
You cover ground very quickly.
You have a fast metabolism.
You have extremely tough skin (AC +3).


Message History

Aim: a big kobold, wielding a dwarven dagger (almost dead)
You shoot an arrow. The arrow hits the big kobold.
The big kobold is almost dead.
You hear a splash.
* * * LOW HITPOINT WARNING * * *
You feel sick.
Firing (i - inventory. (,) - cycle):
c - 47 arrows (quivered)
Press: ? - help, Shift-Dir - straight line, f/p - big kobold
Aim: a big kobold, wielding a dwarven dagger (almost dead)
You shoot an arrow. The arrow hits the big kobold.
The big kobold is almost dead.
* * * LOW HITPOINT WARNING * * *
You feel sick.
The big kobold hits you with an uncursed dwarven dagger.
* * * LOW HITPOINT WARNING * * *
You enter the shallow water.
Moving in this stuff is going to be slow.
* * * LOW HITPOINT WARNING * * *
You feel sick.
You die...

#≈# #≈# #≈# #≈# #≈# #≈# #≈#
#≈# #@# #≈# ##K#########
#######≈≈.((≈.≈.(#
#######......≈≈≈.%≈≈≈≈≈#
#≈≈≈≈≈≈≈≈≈≈≈≈≈≈≈≈≈≈≈≈≈(#
≈≈≈≈≈≈≈≈≈≈≈≈≈≈≈≈≈≈≈≈≈≈≈≈((.
###≈≈≈≈≈≈≈≈≈≈≈≈≈≈≈≈≈≈≈≈.#(
######......≈≈..≈≈≈≈≈.#


You could see a big kobold.

Vanquished Creatures
  A big fish (Sewer)
  An adder (D:3)
  2 giant centipedes (D:3)
  A worm (D:3)
  2 grey rats (Sewer)
  4 giant geckos
  An ooze (D:1)
  4 giant cockroaches
  6 goblins
  3 hobgoblins
  6 kobolds
  5 bats
  A giant newt (D:2)
  5 jackals
  7 rats
49 creatures vanquished.

Notes
Turn   | Place    | Note
--------------------------------------------------------------
     0 | D:1      | Kae, the Centaur Hunter, began the quest for the Orb.
     0 | D:1      | Reached XP level 1. HP: 17/17 MP: 0/0
   330 | D:1      | Reached XP level 2. HP: 7/24 MP: 1/1
  1079 | D:2      | Reached skill level 6 in Bows
  1120 | D:2      | Found a snail-covered altar of Cheibriados.
  1220 | D:2      | Reached XP level 3. HP: 27/29 MP: 2/2
  1483 | D:3      | Reached skill level 1 in Axes
  1693 | D:3      | Reached XP level 4. HP: 17/36 MP: 2/2
  1818 | D:3      | Found a glowing drain.
  1822 | Sewer    | Entered a sewer
  1991 | Sewer    | Reached skill level 7 in Bows
  2135 | Sewer    | Noticed a big kobold
  2156 | Sewer    | HP: 1/36 [poisoned by a kobold]
  2158 | Sewer    | Succumbed to a kobold's poison

Action                   |  1- 3 |  4- 6 || total
-------------------------+-------+-------++-------
Melee: Short sword       |    28 |       ||    28
       Hand axe          |    70 |    11 ||    81
 Fire: Bow               |    14 |    25 ||    39
  Use: Potion            |       |     1 ||     1
